 Dungeon Crawl Stone Soup version 0.20.1-1-g8b1a95d66d (webtiles) character file.

649 Rrauwl the Archer (level 7, -1/57 HPs)
             Began as a Centaur Hunter on Dec 31, 2017.
             Slain by an ogre
             ... wielding a +0 giant club
              (26 damage)
             ... on level 5 of the Dungeon.
             The game lasted 00:16:03 (3970 turns).

Rrauwl the Archer (Centaur Hunter)                  Turns: 3970, Time: 00:16:03

Health: -1/57      AC: 10    Str: 14    XL:     7   Next: 28%
Magic:  7/7        EV:  4    Int:  8    God:
Gold:   172        SH:  4    Dex: 12    Spells: 6/6 levels left

rFire    + . .     SeeInvis .   a - +5 quarterstaff (chaos)
rCold    . . .     Gourm    +   (shield currently unavailable)
rNeg     + . .     Faith    .   n - +0 chain mail
rPois    +         Spirit   .   o - +1 helmet
rElec    .         Reflect  .   i - +0 cloak
rCorr    .         Harm     .   (no gloves)
MR       .....                  (no barding)
Stlth    ..........             p - amulet of the gourmand
Regen    0.2/turn               c - ring of poison resistance
MPRegen  0.1/turn               r - ring of positive energy

@: very quick
A: hooves 3, large bone plates 1, deformed body, dopey 1, fire resistance 1,
speed 2, tough skin 3
a: no special abilities


You were on level 5 of the Dungeon.
You were completely stuffed.

You visited 1 branch of the dungeon, and saw 5 of its levels.

You collected 172 gold pieces.

Inventory:

Hand Weapons
 a - a +5 quarterstaff of chaos (weapon)
 b - a +1 shortbow
Missiles
 d - 17 arrows
Armour
 i - a +0 cloak (worn)
 n - a +0 chain mail (worn)
 o - a +1 helmet (worn)
Jewellery
 c - a ring of poison resistance (left hand)
 p - an amulet of the gourmand (around neck)
 r - a ring of positive energy (right hand)
Scrolls
 e - 3 scrolls of fog
 g - 3 scrolls of identify
 k - 3 scrolls of amnesia
 m - a scroll of immolation
 q - a scroll of recharging
Potions
 j - 2 potions of curing
Comestibles
 f - 4 bread rations
 h - 10 chunks of flesh
 l - a meat ration


   Skills:
 - Level 3.0 Fighting
 + Level 3.0 Staves
 + Level 9.6 Bows
 - Level 1.0 Armour
 - Level 2.0 Dodging
 - Level 0.4 Stealth


You had 6 spell levels left.
You didn't know any spells.

Dungeon Overview and Level Annotations

Branches:
Dungeon (5/15)
 Temple: D:4-7

Altars:
Makhleb
Sif Muna
Trog
Xom


Innate Abilities, Weirdness & Mutations

You have hooves in place of feet.
Armour fits poorly on your strangely shaped body.
You cover ground very quickly.
You have extremely tough skin. (AC +3)
You are partially covered in large bone plates. (SH +4)
You are dopey. (Int -2)
Your flesh is heat resistant. (rF+)


Message History

You butcher the jackal corpse.
h - 10 chunks of flesh (gained 3)
You see here a flail.
You open the door.
Found a stone staircase leading up.
There is an open door here.
You now have 172 gold pieces (gained 8).
An ogre comes into view. It is wielding a giant club.
The ogre shouts!
There is a stone staircase leading up here.
You barely miss the ogre. You kick the ogre.
The ogre is lightly wounded.
The ogre hits you with a giant club!
You sock the ogre!
The ogre goes berserk!
You kick the ogre!
The ogre is severely wounded.
The ogre hits you with a giant club!
You sock the ogre!
The ogre is poisoned.
Your kick misses the ogre.
The ogre is almost dead.
The ogre hits you with a giant club. The ogre hits you with a giant club!!
You die...

#.......# #.......#
####......#
#.........#
##........#
#........#
#........#
#.....<..#
######'##.@..#
#.......#.O..#
#.......#....#
#.......#....#
#.......#....#
#.....).######
####+###'###........
..#...##...#........
..#....'...#........


You could see an ogre (berserk).

Vanquished Creatures
  An ogre (D:3)
  2 scorpions (D:4)
  The ghost of Fionnbharr the Skirmisher, a weakling HOFi (D:3)
  A howler monkey (D:4)
  A crimson imp (D:5)
  Crazy Yiuf (D:2)
  2 orc priests (D:4)
  2 orc wizards (D:4)
  An iguana (D:4)
  A worker ant (D:5)
  Robin (D:4)
  2 adders
  An ooze (D:3)
  5 worms
  2 dart slugs
  2 leopard geckos (D:4)
  6 orcs
  9 bats
  6 giant cockroaches
  17 goblins
  10 hobgoblins
  8 jackals
  4 kobolds
  8 frilled lizards
  5 rats
  A plant (D:3)
100 creatures vanquished.

Vanquished Creatures (others)
  A plant (D:3)
1 creature vanquished.

Grand Total: 101 creatures vanquished

Notes
Turn   | Place    | Note
-------+----------+-------------------------------------------
     0 | D:1      | Rrauwl the Centaur Hunter began the quest for the Orb.
     0 | D:1      | Reached XP level 1. HP: 17/17 MP: 1/1
   132 | D:1      | Reached XP level 2. HP: 19/24 MP: 2/2
   675 | D:2      | Reached skill level 6 in Bows
   754 | D:2      | Reached XP level 3. HP: 29/29 MP: 3/3
  1402 | D:2      | Found a bloodstained altar of Trog.
  1403 | D:2      | Found a shimmering altar of Xom.
  1413 | D:2      | Gained mutation: You tend to lose your temper in combat. [potion of mutation]
  1413 | D:2      | Gained mutation: You are robust. (+10% HP) [potion of mutation]
  1449 | D:2      | Found a burning altar of Makhleb.
  1688 | D:2      | Found a runed door.
  1696 | D:2      | Noticed Crazy Yiuf
  1703 | D:2      | Killed Crazy Yiuf
  1703 | D:2      | Reached skill level 7 in Bows
  1703 | D:2      | Reached XP level 4. HP: 26/39 MP: 1/4
  2075 | D:3      | Noticed Fionnbharr's ghost (weakling HOFi)
  2077 | D:3      | Noticed an ogre
  2102 | D:3      | Killed Fionnbharr's ghost
  2102 | D:3      | Reached skill level 8 in Bows
  2102 | D:3      | Reached XP level 5. HP: 28/45 MP: 5/5
  2149 | D:3      | Killed an ogre
  2606 | D:4      | Noticed Robin
  2625 | D:4      | Reached XP level 6. HP: 44/56 MP: 6/6
  2629 | D:4      | Killed Robin
  2648 | D:4      | Lost mutation: You tend to lose your temper in combat. [potion of mutation]
  2648 | D:4      | Lost mutation: You are robust. (+10% HP) [potion of mutation]
  2648 | D:4      | Gained mutation: Your flesh is heat resistant. (rF+) [potion of mutation]
  2648 | D:4      | Gained mutation: You are dopey. (Int -2) [potion of mutation]
  2648 | D:4      | Gained mutation: You are partially covered in large bone plates. (SH +4) [potion of mutation]
  2717 | D:4      | Reached skill level 1 in Staves
  3019 | D:4      | Reached skill level 9 in Bows
  3313 | D:4      | Found a deep blue altar of Sif Muna.
  3381 | D:4      | Reached XP level 7. HP: 57/57 MP: 7/7
  3667 | D:4      | Reached skill level 1 in Armour
  3782 | D:5      | Entered Level 5 of the Dungeon
  3970 | D:5      | Slain by an ogre

Skill      XL: |  1  2  3  4  5  6  7 |
---------------+----------------------+-----
Dodging        | 2 |  2.0
Bows           | 6 7 8 9 |  9.6
Fighting       | 3 |  3.0
Staves         | 2 3 |  3.0
Armour         | 1 |  1.0
Stealth        | |  0.4

Action                   |  1- 3 |  4- 6 |  7- 9 || total
-------------------------+-------+-------+-------++-------
Melee: Mace              |     6 |    21 |       ||    27
       Short sword       |     5 |       |       ||     5
       Kick              |     1 |    24 |     6 ||    31
       Quarterstaff      |       |    93 |    30 ||   123
 Fire: Shortbow          |   129 |    21 |       ||   150
  Use: Scroll            |     6 |     6 |     1 ||    13
       Potion            |     5 |     2 |     1 ||     8
  Eat: Chunk             |     1 |    11 |     8 ||    20
Armor: Leather armour    |     4 |       |       ||     4
       Chain mail        |    14 |    90 |     9 ||   113
Dodge: Dodged            |    11 |    26 |     3 ||    40
Block: Other             |       |     8 |     8 ||    16
